[Event "Early-Titled-Tuesday-Blitz-February-06-2024"]
[Site "Chess.com"]
[Date "2024.02.06"]
[Round "3"]
[White "UK_23"]
[Black "Caroexpert"]
[Result "0-1"]
[WhiteElo "2413"]
[BlackElo "2572"]
[TimeControl "180+1"]
[EndTime "8:28:11 PST"]
[Termination "Caroexpert won by checkmate"]

1. e4 c6 2. Nc3 g6 3. Nf3 Bg7 4. d4 d5 5. h3 dxe4 6. Nxe4 Nf6 7. Nxf6+ exf6 8. Bd3 O-O 9. O-O Na6 10. c3 Nc7 11.
Bf4 Nd5 12. Bh2 Be6 13. Qd2 Qd7 14. Rfe1 Rad8 15. Rad1 a5 16. a4 b5 17. Bc2 Nb6 18.
axb5 cxb5 19. Qf4 b4 20. Qc7 Nc4 21. Qxd7 Rxd7 22. Ba4 Nxb2 23. Bxd7 Bxd7 24. cxb4 Nxd1 25. Rxd1 axb4 26. Rb1 Ra8 27. Bd6 Bc6 28. Rxb4 Ra1+ 29. Kh2 h5 30. Kg3 g5 31. h4 g4 32. Nd2 Rd1 33. Nc4 Rxd4 34. Bc5 Rd3+ 35. Ne3 Bh6 36. Rb8+ Kh7 37. Rc8 Be4 38. Kh2 f5 39. Nc4 Bf4+ 40. g3 Rd1 41. gxf4 Rh1+ 42. Kg3 Rh3# 0-1

[Event "Early-Titled-Tuesday-Blitz-February-06-2024"]
[Site "Chess.com"]
[Date "2024.02.06"]
[Round "3"]
[White "Maxfan2008"]
[Black "GMRAVEN_ON_YOUTUBE"]
[Result "1/2-1/2"]
[WhiteElo "2543"]
[BlackElo "2781"]
[TimeControl "180+1"]
[EndTime "8:28:12 PST"]
[Termination "Game drawn by repetition"]

1. d4 f5 2. c4 Nf6 3. Nc3 g6 4. h4 d6 5. h5 Nxh5 6. Rxh5 gxh5 7. e4 e6 8. Qxh5+ Kd7 9. exf5 Qf6 10. fxe6+ Qxe6+ 11. Be2 Qe8 12. Qh2 Nc6 13. Be3 Kd8 14.
O-O-O Bf5 15. c5 Kc8 16. d5 Nb4 17. c6 Bg7 18. cxb7+ Kxb7 19. a3 Nc2 20. Kd2 Nxe3 21. fxe3 Bxc3+ 22. bxc3 Qe4 23. Nf3 Rae8 24. Qh6 Rhg8 25.
Nd4 Rxg2 26. Ke1 Bg4 27. Rd2 Bxe2 28. Rxe2 Qb1+ 29. Kd2 Rxe2+ 30. Nxe2 Qa2+ 31. Kd3 Qxd5+ 32. Nd4 Qe4+ 33. Kd2 c5 34. Qg7+ Ka8 35. Nb5 Qd5+ 36. Kc1 Qh1+ 37. Kd2 Qd5+ 38. Kc1 Qh1+ 39. Kd2 Qd5+ 1/2-1/2

[Event "Early-Titled-Tuesday-Blitz-February-06-2024"]
[Site "Chess.com"]
[Date "2024.02.06"]
[Round "3"]
[White "goodwilll"]
[Black "Nuvas"]
[Result "0-1"]
[WhiteElo "2497"]
[BlackElo "2793"]
[TimeControl "180+1"]
[EndTime "8:28:12 PST"]
[Termination "Nuvas won on time"]

1. d4 Nf6 2. c4 e6 3. Nf3 d5 4. g3 dxc4 5. Bg2 c6 6. Ne5 Bb4+ 7.
Nc3 Nd5 8. Bd2 b5 9. O-O Bxc3 10. bxc3 O-O 11. e4 Nb6 12. f4 a5 13. f5 f6 14.
Ng4 exf5 15. exf5 Nd5 16. a4 b4 17. Qe2 Re8 18. Qxc4 Ba6 19. Qc5 Bxf1 20. Rxf1 bxc3 21. Bxc3 Nxc3 22. Qxc3 Ra7 23. Qc4+ Kh8 24. h4 Rd7 25. Rf4 Qb6 26. Kh2 Qb4 27. Qc2 Rxd4 28. Rxd4 Qxd4 29. Nf2 c5 30. Ne4 Nd7 31. Nc3 Ne5 32.
Nb5 Qd3 33. Qxc5 Qxf5 34. Nd6 Ng4+ 35. Kh3 Qxc5 36. Nxe8 Nf2+ 37. Kh2 Qe7 38. Bc6 Ng4+ 39. Kh3 h5 0-1

[Event "Early-Titled-Tuesday-Blitz-February-06-2024"]
[Site "Chess.com"]
[Date "2024.02.06"]
[Round "3"]
[White "Al_Shima"]
[Black "GMT4114"]
[Result "1-0"]
[WhiteElo "2337"]
[BlackElo "1964"]
[TimeControl "180+1"]
[EndTime "8:28:12 PST"]
[Termination "Al_Shima won on time"]

1. e4 e6 2. Nc3 d5 3. Nf3 d4 4. Ne2 c5 5. c3 Nc6 6. d3 e5 7.
g3 Bg4 8. Bg2 Qd7 9. h3 Bxf3 10.
Bxf3 Bd6 11. g4 Nge7 12. Ng3 g6 13. g5 Nd8 14. h4 Ne6 15. Bg4 Nc6 16. Qe2 Qe7 17.
Qf3 O-O-O 18. Bd2 Kb8 19. c4 Rdf8 20. Ne2 f6 21. Qh3 Ncd8 22. gxf6 Qxf6 23. Rf1 Rf7 24. O-O-O Rhf8 25. h5 g5 26. Bf5 h6 27. Bg6 Rc7 28. Ng3 Nf4 29. Qg4 Nde6 30. Bxf4 Qxf4+ 31. Qxf4 Rxf4 32. Nf5 Ng7 33. Nxd6 Rf3 34. Nf5 Nxf5 35. exf5 Kc8 36. Rfe1 Re7 37. Re2 Kd8 38. Rde1 1-0

[Event "Early-Titled-Tuesday-Blitz-February-06-2024"]
[Site "Chess.com"]
[Date "2024.02.06"]
[Round "3"]
[White "mjray79"]
[Black "AryanTari"]
[Result "1/2-1/2"]
[WhiteElo "2726"]
[BlackElo "2947"]
[TimeControl "180+1"]
[EndTime "8:28:13 PST"]
[Termination "Game drawn by repetition"]

1. Nf3 Nf6 2. d4 g6 3. e3 Bg7 4. c4 O-O 5. Be2 b6 6. O-O Bb7 7. Nc3 d5 8. b4 dxc4 9. Bxc4 Nbd7 10. Bb2 a6 11. a4 e6 12. Qe2 c5 13. dxc5 bxc5 14.
b5 axb5 15. Bxb5 Qc7 16. Rac1 Ng4 17. e4 Nde5 18. Nxe5 Nxe5 19. Rfd1 h5 20. h3 Nc6 21. Nb1 Bxb2 22. Qxb2 Na7 23. Nc3 Rfd8 24. Bc4 Rd4 25. Rxd4 cxd4 26. Ne2 Qd7 27. Nxd4 Bxe4 28. Nb5 Nxb5 29.
Bxb5 Qb7 30. f3 Bd5 31. Qd4 Qb8 32. Kf2 Qd6 33. Rc5 h4 34. Qc3 Qg3+ 35. Kf1 Rd8 36. Rc8 Rxc8 37. Qxc8+ Kg7 38. Qc3+ Kh7 39. Qf6 Kg8 40.
Be8 Bc4+ 41. Kg1 Qe1+ 42. Kh2 Qg3+ 43. Kg1 e5 44. Bb5 Qe1+ 45. Kh2 Qg3+ 46. Kg1 Bxb5 47. axb5 Qe1+ 48. Kh2 Qg3+ 49. Kg1 Qe1+ 50. Kh2 Qg3+ 51. Kg1 1/2-1/2

[Event "Early-Titled-Tuesday-Blitz-February-06-2024"]
[Site "Chess.com"]
[Date "2024.02.06"]
[Round "3"]
[White "kpio91"]
[Black "FM_VS99"]
[Result "1-0"]
[WhiteElo "2828"]
[BlackElo "2611"]
[TimeControl "180+1"]
[EndTime "8:28:13 PST"]
[Termination "kpio91 won by resignation"]

1. e4 c5 2. Nc3 g6 3. g3 Bg7 4.
Bg2 Nc6 5. Nge2 d6 6. d3 e6 7. O-O Nge7 8. Rb1 O-O 9. a3 a5 10. a4 Nd4 11. Be3 Bd7 12. f4 Rb8 13. b3 Bc6 14.
Qd2 f5 15. Rbe1 h6 16. Nd1 Kh7 17. Nf2 b5 18. axb5 Bxb5 19. g4 a4 20. Bxd4 cxd4 21. bxa4 Bxa4 22. gxf5 exf5 23. Ng3 Rb2 24. exf5 Nxf5 25. Nxf5 Rxc2 26. Qb4 Rxf5 27. Qxa4 Rc7 28.
Re8 Qh4 29. Qa2 d5 30. Bxd5 h5 31. Ne4 Rxf4 32. Bg8+ Kh6 33. Qd2 Qg4+ 34. Ng3 g5 35. Be6 Qh4 36. Nf5+ Rxf5 37. Bxf5 Be5 38. Rxe5 1-0

[Event "Early-Titled-Tuesday-Blitz-February-06-2024"]
[Site "Chess.com"]
[Date "2024.02.06"]
[Round "3"]
[White "bulletteemo"]
[Black "RianKapriaga"]
[Result "1-0"]
[WhiteElo "2541"]
[BlackElo "2275"]
[TimeControl "180+1"]
[EndTime "8:28:14 PST"]
[Termination "bulletteemo won by checkmate"]

1. e4 c6 2. Nc3 d5 3. Nf3 Bg4 4. h3 Bxf3 5. Qxf3 Nf6 6. Be2 e6 7. O-O Nbd7 8. d3 Bb4 9. Qg3 O-O 10. e5 Ne8 11. f4 g6 12. h4 Ng7 13. h5 Nf5 14. Qh3 Qh4 15. Qxh4 Nxh4 16. Nd1 Bc5+ 17. Kh2 Kh8 18. c3 Rg8 19. g3 Nf5 20. g4 Ne7 21. h6 Raf8 22. a4 a6 23. b4 Bb6 24.
Ba3 Ra8 25. d4 Rge8 26. Ne3 Bc7 27. Kh3 f6 28. b5 a5 29. bxc6 bxc6 30. c4 c5 31.
exf6 Nxf6 32. Bxc5 Ne4 33. Bxe7 Rxe7 34. cxd5 Rd8 35.
dxe6 Rxd4 36. f5 gxf5 37. Nxf5 Rd2 38. Nxe7 Rxe2 39. Rf8# 1-0

[Event "Early-Titled-Tuesday-Blitz-February-06-2024"]
[Site "Chess.com"]
[Date "2024.02.06"]
[Round "3"]
[White "DonJuanEGenaro"]
[Black "Herzog2012"]
[Result "0-1"]
[WhiteElo "2035"]
[BlackElo "2530"]
[TimeControl "180+1"]
[EndTime "8:28:14 PST"]
[Termination "Herzog2012 won on time"]

1. d4 Nf6 2. Nf3 e6 3. g3 Be7 4. Bg2 O-O 5. O-O d5 6. c4 dxc4 7. Ne5 Nc6 8. Nxc6 bxc6 9. Nc3 Rb8 10. e4 c5 11. d5 exd5 12. e5 Nd7 13. Nxd5 Nxe5 14.
Nxe7+ Qxe7 15. Re1 Qf6 16. Qc2 Nf3+ 17. Bxf3 Qxf3 18.
Qe4 Bb7 19. Qxf3 Bxf3 20. Be3 Rxb2 21. Bxc5 Ra8 22. Re3 Bd5 23. Rae1 h6 24. Ra3 a6 25. h3 Kh7 26. g4 g5 27. Ra5 c6 28. Bd4 Rd2 29. Be3 Rc2 30. a3 c3 31.
Rc5 Rb8 32. Bd4 Rb3 33. a4 Rd2 34. Bxc3 Rd3 35. Be5 Rxh3 36. Kf1 Bf3 37. Bh2 Rxh2 0-1

[Event "Early-Titled-Tuesday-Blitz-February-06-2024"]
[Site "Chess.com"]
[Date "2024.02.06"]
[Round "3"]
[White "IngOscarArdila"]
[Black "FrenchMonster2002"]
[Result "1-0"]
[WhiteElo "2205"]
[BlackElo "2361"]
[TimeControl "180+1"]
[EndTime "8:28:14 PST"]
[Termination "IngOscarArdila won on time"]

1. d4 c5 2. d5 e5 3. c4 d6 4. Nc3 Be7 5. e4 Bg5 6. Nge2 Bxc1 7. Qxc1 Nf6 8. g3 O-O 9. Bg2 a6 10. a4 a5 11. O-O Na6 12. f4 exf4 13. gxf4 Re8 14.
Qe3 Nb4 15. Qg3 Nh5 16. Qf3 Qh4 17. Ng3 Bg4 18. Qf2 Nd3 19. Qd2 Nxg3 20. hxg3 Qxg3 21. e5 Nb4 22. Ne4 Qh4 23. Nxd6 Re7 24. Ra3 Rd8 25. Qf2 Qh6 26. Rg3 Bd7 27. Qxc5 Nc2 28. Nf5 Bxf5 29. Qxe7 Rf8 30. Qf6 Bg6 31. Qb6 Kh8 32.
Qf2 Nb4 33. Rh3 Bh5 34. Qh4 g6 35. Qf6+ Kg8 36. d6 Nc2 37. d7 Nd4 38. d8=Q Ne2+ 39. Kf2 Rxd8 40. Qxd8+ Kg7 41. Qf6+ Kg8 42. Rd3 Qf8 43.
Rd8 1-0

[Event "Early-Titled-Tuesday-Blitz-February-06-2024"]
[Site "Chess.com"]
[Date "2024.02.06"]
[Round "3"]
[White "Perecke"]
[Black "Alex_Sahakyan2006"]
[Result "0-1"]
[WhiteElo "2595"]
[BlackElo "2890"]
[TimeControl "180+1"]
[EndTime "8:28:15 PST"]
[Termination "Alex_Sahakyan2006 won by resignation"]

1. e4 e5 2. Nf3 Nc6 3. Bb5 a6 4. Ba4 d6 5. c3 Bd7 6. d4 g6 7. Bg5 f6 8. Be3 Nh6 9. O-O Bg7 10. h3 Nf7 11. Re1 O-O 12. Nbd2 Qe8 13. Bb3 Nd8 14. Nc4 Be6 15. a4 g5 16. Nh2 Nh8 17.
Nf1 Ng6 18. Ng3 Nh4 19. Nf5 Nxf5 20. exf5 Bf7 21. f4 gxf4 22. Bxf4 Qc6 23. Na5 Qb6 24. Nc4 Qc6 25. Na5 Qd7 26. dxe5 Qxf5 27. Nxb7 Nxb7 28. e6 Qxf4 29. exf7+ Kh8 30. Bd5 Rab8 31. Re7 Nd8 32. Qc2 c6 33. Rf1 Qg5 34. h4 Qxd5 35.
Rd1 Qb3 36. Qe2 Nxf7 37. h5 h6 38. Rd4 Ne5 39. Rxd6 Rf7 40. Ree6 Qxb2 41. Qe3 Qb1+ 0-1

[Event "Early-Titled-Tuesday-Blitz-February-06-2024"]
[Site "Chess.com"]
[Date "2024.02.06"]
[Round "3"]
[White "unclear15"]
[Black "lluiss"]
[Result "1-0"]
[WhiteElo "2392"]
[BlackElo "2141"]
[TimeControl "180+1"]
[EndTime "8:28:15 PST"]
[Termination "unclear15 won by resignation"]

1. e4 e6 2. d4 d5 3. Nc3 Nf6 4. Bg5 Be7 5. e5 Nfd7 6. Bxe7 Qxe7 7. f4 a6 8. Nf3 c5 9. dxc5 Nxc5 10. Bd3 h6 11. O-O Nc6 12. f5 Bd7 13. fxe6 Bxe6 14. Ne2 Nxd3 15. Qxd3 Qc5+ 16. Ned4 Nxd4 17. Nxd4 O-O 18. c3 b5 19. Rf4 b4 20. cxb4 Qc7 21.
Re1 Rab8 22. a3 a5 23. b5 Rfc8 24. Nc6 Rb7 25. a4 Qb6+ 26. Qd4 Qxd4+ 27. Rxd4 Kf8 28. Red1 Ra8 29. Rxd5 Bxd5 30. Rxd5 Ke8 31. Rd4 Rd7 32. Rg4 g5 33. b4 axb4 34. Rxb4 Rd1+ 35. Kf2 Rc8 36.
a5 Ra1 37. Rc4 Kd7 38. Ke3 Rxc6 39. bxc6+ Kc7 40. Rc5 Ra4 41. Kf3 h5 42. h3 Rb4 43.
Ke3 Ra4 44. Kd3 g4 45. Kc3 gxh3 46. gxh3 Ra3+ 47. Kb4 Rxh3 48. a6 Rh1 49. a7 Ra1 50. Ra5 1-0

[Event "Early-Titled-Tuesday-Blitz-February-06-2024"]
[Site "Chess.com"]
[Date "2024.02.06"]
[Round "3"]
[White "Abund"]
[Black "Polish_fighter3000"]
[Result "0-1"]
[WhiteElo "2750"]
[BlackElo "3059"]
[TimeControl "180+1"]
[EndTime "8:28:16 PST"]
[Termination "Polish_fighter3000 won by resignation"]

1. e4 e6 2. d4 d5 3. Nd2 c5 4. Ngf3 Nf6 5. exd5 Nxd5 6. Ne4 cxd4 7. Nxd4 Be7 8. c3 O-O 9. Be2 e5 10. Nf3 Nc6 11. O-O Bf5 12. Ng3 Be6 13. Bb5 Qc7 14. Qe2 f6 15. Nd4 Bf7 16. Ndf5 Rfd8 17. Qg4 Bg6 18.
h4 Bf8 19. h5 Be8 20. Rd1 Kh8 21. Be2 Bf7 22. c4 Nf4 23. Bxf4 exf4 24. Ne4 Be6 25.
h6 g6 26. Qh4 Bxf5 27. Qxf6+ Kg8 28. c5 Qf7 29. Qc3 Bxe4 30. Bc4 Bd5 31. Rxd5 Rxd5 32. Re1 Rad8 33. b4 Bxh6 34. b5 Nd4 35. Re4 Bg7 36.
Qh3 h5 37. Qh4 Qf6 38. Qh3 Kh7 39. Re6 Nxe6 40. Bxd5 Rxd5 41. Qxe6 Qxe6 0-1

[Event "Early-Titled-Tuesday-Blitz-February-06-2024"]
[Site "Chess.com"]
[Date "2024.02.06"]
[Round "3"]
[White "AradNazari"]
[Black "APOKALIPSA13"]
[Result "1-0"]
[WhiteElo "2779"]
[BlackElo "2213"]
[TimeControl "180+1"]
[EndTime "8:28:16 PST"]
[Termination "AradNazari won on time"]

1. e4 e5 2. f4 exf4 3. Nf3 g5 4.
h4 g4 5. Ne5 Nh6 6. d4 d6 7.
Nd3 f3 8. gxf3 g3 9. Bg5 f6 10. Bf4 Rg8 11. Rg1 f5 12. Bg5 Be7 13. Bxh6 Bxh4 14.
Bg2 Qf6 15. Qd2 Qxd4 16. Be3 Qf6 17. Nc3 Be6 18. Nf4 Bf7 19. Nfd5 Qd8 20. Rh1 c6 21. Nc7+ Qxc7 22. Rxh4 Nd7 23. Rxh7 Ne5 24. O-O-O Nc4 25.
Qe2 O-O-O 26. Rd4 b5 27. Bf4 Rd7 28. Qd1 Qa5 29. Bh3 b4 30. Rxc4 bxc3 31. Rxc6+ Kb7 32. Rxc3 g2 33. Be3 Qxa2 34. Ra3 Qe6 35. Bxf5 Qxf5 36. exf5 a6 37. Bg1 1-0

[Event "Early-Titled-Tuesday-Blitz-February-06-2024"]
[Site "Chess.com"]
[Date "2024.02.06"]
[Round "3"]
[White "LangesNasenhaar"]
[Black "Susal_De_Silva"]
[Result "0-1"]
[WhiteElo "2491"]
[BlackElo "2771"]
[TimeControl "180+1"]
[EndTime "8:28:16 PST"]
[Termination "Susal_De_Silva won by resignation"]

1. d4 Nf6 2. Bg5 e6 3. e4 h6 4. Bxf6 Qxf6 5. c3 d6 6. Nd2 g6 7. Ngf3 Bg7 8. Bc4 O-O 9. O-O Nd7 10. a4 a5 11. Re1 b6 12. Nf1 Bb7 13. Ng3 e5 14. Bd5 c6 15. Bb3 Rae8 16. Qd2 exd4 17. cxd4 c5 18. Rad1 cxd4 19. Nxd4 Nc5 20. Bc2 d5 21.
exd5 Bxd5 22. Nf1 Bb7 23. Ne3 Qg5 24. Nb3 Ne4 25. Bxe4 Bxe4 26. g3 Bf3 27. Rc1 Qh5 28.
h4 Ba8 29. Nd4 Bxd4 30. Qxd4 Qf3 31. Kf1 Re4 32. Qxb6 Rfe8 33. Qc7 Rxe3 34. Rxe3 Rxe3 35. Qc8+ Kh7 36. Qxa8 Qxa8 37. fxe3 Qh1+ 38. Ke2 Qxc1 0-1

[Event "Early-Titled-Tuesday-Blitz-February-06-2024"]
[Site "Chess.com"]
[Date "2024.02.06"]
[Round "3"]
[White "Ezov"]
[Black "SargissyanSargis"]
[Result "0-1"]
[WhiteElo "2179"]
[BlackElo "2397"]
[TimeControl "180+1"]
[EndTime "8:28:16 PST"]
[Termination "SargissyanSargis won by resignation"]

1. d4 Nf6 2. Nc3 g6 3. Bf4 d5 4. h4 h5 5. Qd2 Bg7 6. O-O-O Nbd7 7. f3 a6 8. e4 Nb6 9. Nh3 Bxh3 10. gxh3 e6 11. Bg5 Qd7 12. e5 Ng8 13. f4 Ne7 14.
Bd3 Rc8 15. Kb1 c5 16. dxc5 Rxc5 17. Qf2 Qc7 18. Rhe1 Nc4 19. Bxc4 Rxc4 20. Rd2 Nf5 21. Qa7 O-O 22. Rc1 Rc8 23. Qf2 Bf8 24. Nd1 d4 25. c3 b5 26. Qe2 b4 27. b3 Rxc3 28. Nxc3 bxc3 29. Rdc2 Ba3 30. Qd3 Bxc1 31. Kxc1 a5 32. Bf6 a4 33. Kb1 axb3 34. axb3 Rb8 35. Kc1 Rxb3 36. Kd1 Ne3+ 37. Ke2 Nxc2 38. Qxc2 Rb2 39.
Kd3 Rxc2 0-1

[Event "Early-Titled-Tuesday-Blitz-February-06-2024"]
[Site "Chess.com"]
[Date "2024.02.06"]
[Round "3"]
[White "mitrabhaa"]
[Black "traviscottofficial"]
[Result "1-0"]
[WhiteElo "2919"]
[BlackElo "2702"]
[TimeControl "180+1"]
[EndTime "8:28:17 PST"]
[Termination "mitrabhaa won by resignation"]

1. d4 Nf6 2. Nf3 g6 3. g3 Bg7 4.
Bg2 O-O 5. O-O d6 6. c4 c6 7. Nc3 Qb6 8. e4 Bg4 9. b3 Qa5 10. Bb2 Qh5 11. Qd3 c5 12. d5 Nbd7 13. Ne2 Bh6 14.
Kh1 Bh3 15. Bxh3 Qxh3 16. Neg1 Qh5 17. Kg2 Bg7 18. h3 g5 19. g4 Qg6 20. Rfe1 Nxd5 21. Qxd5 Bxb2 22. Rad1 Rab8 23. Qxg5 Qxg5 24. Nxg5 b5 25.
cxb5 Rxb5 26. f4 Bc3 27. Re2 Nb8 28. e5 dxe5 29. fxe5 Nc6 30. e6 fxe6 31. Nxe6 Rf6 32. Nf3 h6 33. Rd7 Kf7 34. Rc7 Rb6 35. Nxc5 Bb4 36.
Nd7 Rxf3 37. Nxb6 Nd4 38. Nd5 Bd6 39. Rc4 Rg3+ 40. Kf2 Nxe2 41. Kxe2 Rxh3 42. Ra4 Rh2+ 43. Kf3 Ke6 44. Nf4+ Kf6 45. Rxa7 Kg5 46. Ra5+ e5 47. Nd3 Rh3+ 48. Ke4 Kxg4 49. Ra6 Bf8 50. Nf2+ 1-0

[Event "Early-Titled-Tuesday-Blitz-February-06-2024"]
[Site "Chess.com"]
[Date "2024.02.06"]
[Round "3"]
[White "Lady_Nika"]
[Black "ilqar_74"]
[Result "0-1"]
[WhiteElo "2594"]
[BlackElo "2817"]
[TimeControl "180+1"]
[EndTime "8:28:18 PST"]
[Termination "ilqar_74 won on time"]

1. e4 c5 2. Nc3 d6 3. g3 g6 4. Bg2 Bg7 5. d3 Nc6 6. f4 e6 7.
Nf3 Nge7 8. O-O O-O 9. Rb1 Nd4 10.
Ne2 Nxe2+ 11. Qxe2 b6 12. Be3 Bb7 13. h4 d5 14. e5 d4 15. Bf2 Nd5 16. Ng5 Qe7 17. h5 Rad8 18. hxg6 fxg6 19. Qg4 Rde8 20. Bh3 Bc8 21.
Bg2 Bd7 22. Rbe1 Bc6 23. Qh3 h6 24. Ne4 Ba8 25. Qg4 Kh7 26. Nd6 Rd8 27. Be4 Rf5 28.
Bxf5 exf5 29. Qh3 Qe6 30. Nc4 Nb4 31. Re2 b5 32. Na3 a6 33. Be1 Nd5 34. Bf2 Bf8 35. Nb1 Bc6 36. Nd2 Nb4 37. Nb1 Bf3 38. Rd2 a5 39.
Be1 Bb7 40. Rh2 Nd5 41. Bf2 Rd7 42. Nd2 Kg8 43. Nf3 Bg7 44. Nh4 Ne7 45. a3 c4 46. Be1 a4 47. Bb4 Nd5 48. Bd2 c3 0-1

[Event "Early-Titled-Tuesday-Blitz-February-06-2024"]
[Site "Chess.com"]
[Date "2024.02.06"]
[Round "3"]
[White "koncheto"]
[Black "Teidi96"]
[Result "1-0"]
[WhiteElo "2509"]
[BlackElo "2322"]
[TimeControl "180+1"]
[EndTime "8:28:18 PST"]
[Termination "koncheto won by resignation"]

1. e4 Nf6 2. e5 Nd5 3. d4 d6 4.
exd6 exd6 5. c4 Nb6 6. Nc3 Be7 7. Nf3 Bf6 8. Be2 O-O 9. Be3 Bf5 10. O-O d5 11. c5 Nc8 12. b4 a6 13. a4 Ne7 14. b5 axb5 15. axb5 Rxa1 16. Qxa1 h6 17. Qa8 Qc8 18. Ra1 Nd7 19. Qa7 g5 20. h3 Bg6 21. Bd1 Bg7 22. Bb3 c6 23. bxc6 bxc6 24. Na4 Nf5 25. Nb6 Nxb6 26. cxb6 Qb8 27. b7 Kh7 28. Qb6 Nd6 29. Ra7 Bf6 30. Ne5 Bd8 31.
Qa6 Bc7 32. Nd7 Qe8 33. Nxf8+ Qxf8 34. Ra8 Bb8 35. Qxc6 Nf5 36. Qxd5 Nxe3 37. fxe3 Qe8 38. Qf3 Qd8 39. Bxf7 Qc7 40. Bxg6+ Kxg6 41. Ra6+ Kh7 42. Qf5+ Kh8 43. Qc8+ Kg7 44. Qxc7+ Bxc7 45. Ra8 Kf6 46. b8=Q Bxb8 47. Rxb8 1-0

[Event "Early-Titled-Tuesday-Blitz-February-06-2024"]
[Site "Chess.com"]
[Date "2024.02.06"]
[Round "3"]
[White "Attacker_2006"]
[Black "ValiantCeleb"]
[Result "1-0"]
[WhiteElo "2495"]
[BlackElo "2262"]
[TimeControl "180+1"]
[EndTime "8:28:18 PST"]
[Termination "Attacker_2006 won on time"]

1. e4 c5 2. Nf3 e6 3. c3 Nf6 4. e5 Nd5 5. d4 cxd4 6. cxd4 d6 7. Nc3 Bd7 8. Nxd5 exd5 9. Bd3 Nc6 10. Be3 dxe5 11. Nxe5 Nxe5 12. dxe5 Bb4+ 13. Bd2 Qe7 14.
O-O Bxd2 15. Qxd2 O-O 16. Rfe1 Rac8 17. Rad1 Qc5 18. Bb1 Be6 19. Qd3 g6 20. h3 Rfd8 21. a3 b5 22. Qg3 b4 23. h4 bxa3 24. bxa3 Qc3 25. Re3 Qb2 26. Rb3 Qe2 27. Rbd3 d4 28. R3d2 Qc4 29. h5 Qb3 30. Qg5 d3 31. Bxd3 Qxa3 32. h6 Qf8 33. Bxg6 Rxd2 34. Be4+ Kh8 35. Qf6+ Kg8 36. Rxd2 a5 37. Rd3 Bg4 38. Rg3 1-0

[Event "Early-Titled-Tuesday-Blitz-February-06-2024"]
[Site "Chess.com"]
[Date "2024.02.06"]
[Round "3"]
[White "Akylbek2021"]
[Black "ProChessWICTH"]
[Result "1-0"]
[WhiteElo "2297"]
[BlackElo "2528"]
[TimeControl "180+1"]
[EndTime "8:28:19 PST"]
[Termination "Akylbek2021 won by resignation"]

1. d4 Nf6 2. Nf3 g6 3. c4 Bg7 4. Nc3 d5 5. cxd5 Nxd5 6. e4 Nxc3 7. bxc3 O-O 8. Be2 c5 9. Rb1 Nc6 10. d5 Bxc3+ 11. Bd2 Bxd2+ 12. Qxd2 Nd4 13. Nxd4 cxd4 14. Qxd4 Qa5+ 15. Qd2 Qxd2+ 16. Kxd2 Rd8 17. Ke3 b6 18. Rhc1 e6 19. Bf3 exd5 20. exd5 Bf5 21. Rb3 Rac8 22. Rbc3 Kf8 23. Kd4 Ke7 24. g4 Bd7 25.
g5 Kd6 26. h4 Rxc3 27. Rxc3 Rc8 28. Ra3 a5 29. Be4 Rc1 30. Rf3 Ke7 31. Ke5 Re1 32. d6+ Ke8 33. Re3 Rxe3 34. fxe3 Be6 35. Bc6+ Kd8 36.
a4 Bd7 37. Bd5 Bxa4 38. Bxf7 b5 39. e4 b4 40. Kd4 Bb5 41. e5 Kd7 42. Kc5 a4 43.
e6+ Kc8 44. Kxb4 1-0

[Event "Early-Titled-Tuesday-Blitz-February-06-2024"]
[Site "Chess.com"]
[Date "2024.02.06"]
[Round "3"]
[White "Siemba"]
[Black "wyharga"]
[Result "0-1"]
[WhiteElo "2516"]
[BlackElo "2475"]
[TimeControl "180+1"]
[EndTime "8:28:19 PST"]
[Termination "wyharga won by resignation"]

1. e4 c5 2. c3 Nf6 3. e5 Nd5 4. Nf3 e6 5. d4 cxd4 6. cxd4 b6 7. Nc3 Nxc3 8. bxc3 Qc7 9. Bd2 Be7 10. Bd3 Ba6 11.
Bxa6 Nxa6 12. O-O O-O 13. Qe2 Qb7 14. Bg5 f6 15. exf6 Bxf6 16. Bxf6 Rxf6 17. Rad1 Nc7 18. c4 d6 19. Rfe1 Raf8 20. d5 e5 21. Qc2 h6 22.
Re3 Na6 23. Rde1 Nc5 24. h3 Qf7 25. R1e2 Rf4 26. Kh2 Qh5 27. Kg1 Qe8 28. Ra3 R8f7 29. Qg6 R4f6 30. Qh5 Qf8 31. Qh4 Rf4 32. Qg3 Ne4 33.
Qg6 R7f6 34. Qxe4 Rxe4 35. Rxe4 Rf4 36. Ree3 Qf7 37. Nd2 Rxf2 38. Ne4 Rf1+ 39. Kh2 Qf4+ 40. g3 Qf8 41. Kg2 Rc1 42. Rf3 Qe7 43. Ra4 Kh7 44.
Rf2 Re1 45. Nd2 e4 46. Rf1 Re2+ 47. Rf2 Rxf2+ 48. Kxf2 e3+ 0-1

[Event "Early-Titled-Tuesday-Blitz-February-06-2024"]
[Site "Chess.com"]
[Date "2024.02.06"]
[Round "3"]
[White "ATM622"]
[Black "aghasiyevkamal"]
[Result "0-1"]
[WhiteElo "2451"]
[BlackElo "2669"]
[TimeControl "180+1"]
[EndTime "8:28:20 PST"]
[Termination "aghasiyevkamal won by resignation"]

1. d4 d5 2. c4 e6 3. Nf3 Nf6 4. g3 dxc4 5. Bg2 c5 6. O-O Nc6 7. Qa4 Bd7 8. Qxc4 cxd4 9. Nxd4 Rc8 10. Nxc6 Bxc6 11. Bxc6+ Rxc6 12. Qb3 Bc5 13. Nc3 O-O 14. Bg5 Rb6 15. Qc2 Be7 16. Rfd1 Qc7 17. Rac1 h6 18. Be3 Rc6 19. Qb3 a6 20. Na4 Nd5 21. Bd2 b5 22. Nc3 Nxc3 23. Bxc3 Bf6 24. Bd2 Rd8 25. Bf4 Rxc1 26.
Rxc1 Qd7 27. Rc7 Qd1+ 28. Qxd1 Rxd1+ 29. Kg2 g5 30. Be3 Ra1 31. Bc5 Bxb2 32. Rc8+ Kh7 33. Rc7 Kg6 34. Rc8 Rxa2 35. Rg8+ Kh7 36. Rf8 Kg7 37.
Ra8 Bf6 38. Bf8+ Kg6 39. Bb4 Ra4 40. Bc5 b4 41. f4 b3 42. fxg5 hxg5 43. Rb8 b2 44.
Rb3 Ra1 45. Bd4 Bxd4 46. Rb4 e5 0-1

[Event "Early-Titled-Tuesday-Blitz-February-06-2024"]
[Site "Chess.com"]
[Date "2024.02.06"]
[Round "3"]
[White "Happy1712Drummer"]
[Black "Sadykov_Ramil"]
[Result "0-1"]
[WhiteElo "2410"]
[BlackElo "2604"]
[TimeControl "180+1"]
[EndTime "8:28:20 PST"]
[Termination "Sadykov_Ramil won on time"]

1. e4 c5 2. Nf3 e6 3. c3 Nf6 4. e5 Nd5 5. d4 cxd4 6. cxd4 d6 7. Bc4 Be7 8. O-O O-O 9. Qe2 Bd7 10. Rd1 Bc6 11. Nc3 Nxc3 12. bxc3 Nd7 13. exd6 Bxd6 14. Ng5 Nf6 15. Bd3 Rc8 16. c4 b6 17. Bb2 Qe7 18. Re1 Ba3 19. d5 Bxb2 20. Qxb2 Bd7 21. dxe6 Bxe6 22. Qc2 h6 23. Nxe6 fxe6 24. Qe2 Rc6 25.
Rad1 Rfc8 26. h3 Re8 27. Bc2 e5 28. Ba4 Qc5 29. Bxc6 Qxc6 30. Qd3 e4 31. Qd4 Kh8 32. Re3 Re7 33. Qc3 Rb7 34. Rg3 Rc7 35. Qe5 Qxc4 36.
Rd8+ Ng8 37. Qe8 Qxa2 38. Rg6 Qf7 39. Qxf7 Rxf7 40. Re6 Kh7 41. Rxe4 Nf6 42. Ra4 a5 43. Rb8 Nd7 44. Rd4 Nxb8 45. Rd6 Rb7 0-1

[Event "Early-Titled-Tuesday-Blitz-February-06-2024"]
[Site "Chess.com"]
[Date "2024.02.06"]
[Round "3"]
[White "Jenia84"]
[Black "emeli_chess"]
[Result "1-0"]
[WhiteElo "2302"]
[BlackElo "2437"]
[TimeControl "180+1"]
[EndTime "8:28:20 PST"]
[Termination "Jenia84 won on time"]

1. e4 c5 2. Nf3 d6 3. d4 cxd4 4. Nxd4 Nf6 5. Nc3 a6 6. Be2 e6 7. Be3 Be7 8. Qd2 O-O 9. g4 Qc7 10. g5 Nfd7 11. O-O-O b5 12. Kb1 Nb6 13. Ndxb5 axb5 14. Nxb5 Qc6 15. Nxd6 Bxd6 16. Qxd6 Qxd6 17. Rxd6 N6d7 18.
Rhd1 Ne5 19. f4 Ng6 20. Rd8 Nc6 21. Rxf8+ Nxf8 22. Bb5 Bb7 23. a4 Na5 24. b4 Nc6 25. Bc5 Rd8 26. Rd3 Rxd3 27. cxd3 Nd7 28. Bd6 f6 29. h4 Kf7 30. a5 e5 31. a6 Ba8 32. f5 fxg5 33. hxg5 h5 34. Bc4+ Ke8 35.
b5 Na7 36. Bc7 Nc8 37. Be6 Ndb6 38. f6 gxf6 39. gxf6 h4 40. Kc2 1-0